 Dungeon Crawl Stone Soup version 0.18-a0-1507-g69458e0 (webtiles) character file.

135 GrosslyIncandescent the Insei (level 4, 0/35 HPs)
             Began as a Mummy Monk on Mar 5, 2016.
             Slain by Jessica (4 damage)
             ... on level 3 of the Dungeon.
             The game lasted 00:03:49 (3386 turns).

GrosslyIncandescent the Insei (Mummy Monk)          Turns: 3386, Time: 00:03:49

Health: 0/35       AC:  2    Str: 14    XL:     4   Next: 97%
Magic:  4/4        EV: 13    Int:  9    God:
Gold:   112        SH:  0    Dex: 15    Spells: 0 memorised, 3 levels left

rFire  x . .     SeeInvis .       - Unarmed
rCold  + . .     Gourm    .     (no armour)
rNeg   + + +     Faith    .     (no shield)
rPois  ∞         Spirit   .     e - +0 helmet
rElec  .         Dismiss  .     (no cloak)
rCorr  .         Reflect  .     (no gloves)
SustAt .         Harm     .     d - +0 pair of boots
MR     .....                    (no amulet)
Stlth  ++........               (no ring)
                                (no ring)

@: not resistant to hostile enchantments, unstealthy
A: no food or potions, fire vulnerability, cold resistance 1, negative energy
resistance 3, torment resistance, unbreathing
a: no special abilities


You were on level 3 of the Dungeon.
You were not hungry.

You visited 1 branch of the dungeon, and saw 3 of its levels.

You collected 112 gold pieces.


Innate Abilities, Weirdness & Mutations

You do not eat or drink.
Your flesh is vulnerable to fire.
You are immune to poison.
Your flesh is cold resistant.
You are immune to negative energy.
You are immune to unholy pain and torment.
You can survive without breathing.


   Skills:
 + Level 3.4 Fighting
 - Level 2.4 Dodging
 - Level 1.5 Stealth
 - Level 5.0 Unarmed Combat


You had 3 spell levels left.
You didn't know any spells.

Inventory:

Armour
 d - a +0 pair of boots (worn)
 e - a +0 helmet (worn)
Scrolls
 a - 3 scrolls of remove curse {unknown}
 b - a scroll of recharging {unknown}
 c - 2 scrolls of identify {unknown}

Dungeon Overview and Level Annotations

Branches:
Dungeon (3/15)

Altars:

Annotations:
D:1 exclusion: downstairs
D:2 !Hound
D:3 Jessica

.▒ ▒.▒...▒ .. .▒ ▒..▒..
▒.. .▒ ▒...▒.... .
.▒▒▒▒▒ ▒....▒.. ..
.....▒▒▒▒▒▒▒▒.▒ ..▒ .▒
..............▒▒..▒▒.. ▒
.....▒▒▒▒........▒..▒...
....▒▒ ▒.......▒....▒
▒▒▒▒▒ ▒[.....▒M.▒▒..
▒.....▒..@▒ ▒....▒......
▒....▒▒▒....▒ ▒....▒
▒....▒ ...... +....+ ▒▒.
▒....▒ ▒▒▒▒▒▒


You could see Jessica.


Message History

There is a stone staircase leading up here!
Annotate level on other end of current stairs?
New annotation for D:2 (include '!!!' for warning): !!.Hound
Found a robe!
Jessica the Apprentice Sorceress comes into view!
Jessica is nearby!!!
Jessica shouts!!!
Jessica zaps a wand!
The puff of flame hits you!!!
The fire burns you terribly!!! * * * don't die
* * * It is a wand of flame!
Jessica casts a spell at you!
You are unaffected!
Jessica barely misses you!
You pulverise Jessica!
Jessica is heavily wounded!
You squash Jessica but do no damage!
Jessica is heavily wounded!
Jessica zaps a wand!
The puff of flame hits you!!!
The fire burns you terribly!!! * * * don't die
* * * You squash Jessica like an ant!
Jessica is severely wounded!
Jessica zaps a wand!
The puff of flame hits you!!!
The fire burns you terribly!!! * * * don't die
* * * You barely miss Jessica!
Jessica is severely wounded!
Jessica hits you! rip

Action                   |  1- 3 |  4- 6 || total
-------------------------+-------+-------++-------
Melee: Unarmed           |   171 |   105 ||   276
 Stab: Sleeping          |     4 |       ||     4

Vault maps used:
D:1:      dpeg_arrival_tiny_f
D:3:      overflow_temple_1_default, serial_aquarium,
          aquarium_bridge_long_joined, aquarium_bridge_square,
          aquarium_window_corridor_2, aquarium_window_corner,
          aquarium_window_fake, aquarium_window_double, aquarium_view_2c,
          aquarium_view_2g, minivault_26, minmay_rat_hole, uniq_jessica

Notes
Turn   | Place    | Note
--------------------------------------------------------------
     0 | D:1      | GrosslyIncandescent the Mummy Monk began the quest for the Orb.
     0 | D:1      | Reached XP level 1. HP: 18/18 MP: 1/1
   358 | D:1      | Reached XP level 2. HP: 16/24 MP: 2/2
   794 | D:1      | Reached skill level 4 in Unarmed Combat
  1139 | D:1      | Reached XP level 3. HP: 29/29 MP: 3/3
  2084 | D:2      | Reached XP level 4. HP: 32/35 MP: 4/4
  2847 | D:2      | Reached skill level 5 in Unarmed Combat
  3378 | D:3      | Noticed Jessica
  3386 | D:3      | Slain by Jessica

Vanquished Creatures
  6 adders
  An ooze (D:2)
  A worm (D:2)
  2 dart slugs
  2 giant geckos
  4 giant cockroaches
  8 goblins
  10 hobgoblins
  14 jackals
  5 bats
  3 giant newts (D:1)
  2 kobolds
  9 rats
67 creatures vanquished.
